 Dungeon Crawl Stone Soup version 0.27.0-1-g7a089689b8 (webtiles) character file.

Game seed: 8626394218220570477

76 Smaepdii the Fighter (level 4, -7/45 HPs)
             Began as a Gnoll Wanderer on Aug 10, 2021.
             Killed themself with a badly aimed burst of rock shards (17 damage)
             ... on level 3 of the Dungeon.
             The game lasted 00:06:35 (2418 turns).

Smaepdii the Fighter (Gnoll Wanderer)               Turns: 2418, Time: 00:06:35

Health: -7/45      AC:  2    Str: 11    XL:     4   Next: 32%
Magic:  5/5        EV: 11    Int: 13    God:
Gold:   81         SH:  5    Dex: 11    Spells: 5/5 levels left

rFire    . . .     SeeInvis .   a - +0 quarterstaff
rCold    . . .     Faith    .   (shield currently unavailable)
rNeg     . . .     Spirit   .   d - +0 robe
rPois    .         Reflect  +   (no helmet)
rElec    .         Harm     .   (no cloak)
rCorr    .         Rampage  .   (no gloves)
Will     .....                  (no boots)
Stlth    +.........             m - amulet of reflection
HPRegen  0.15/turn              (no ring)
MPRegen  0.09/turn              (no ring)

@: no status effects
A: fangs 1, strong nose, distributed training, low mp 1, subdued magic 1
a: no special abilities


You were on level 3 of the Dungeon.
You visited 1 branch of the dungeon, and saw 3 of its levels.

You collected 81 gold pieces.

Inventory:

Hand Weapons
 a - a +0 quarterstaff (weapon)
 c - a +0 short sword
 k - a +0 longbow
Missiles
 f - 8 atropa-tipped darts
 g - 7 curare-tipped darts
Armour
 d - a +0 robe (worn)
 l - a +0 plate armour
Jewellery
 m - an amulet of reflection (around neck)
Wands
 j - a wand of paralysis (5)
Scrolls
 e - a scroll of vulnerability {unknown}
 i - 2 scrolls of identify {unknown}
 n - a scroll of magic mapping {unknown}
 o - a scroll of immolation {unknown}
Potions
 h - a potion of might {unknown}
Miscellaneous
 b - a tin of tremorstones (2/2) (quivered)


   Skills:
 + Level 8.5 Fighting
 + Level 6.6 Short Blades
 + Level 1.1 Long Blades
 + Level 1.1 Axes
 + Level 1.1 Maces & Flails
 + Level 1.1 Polearms
 + Level 1.1 Staves
 + Level 1.1 Slings
 + Level 1.1 Bows
 + Level 1.1 Crossbows
 + Level 2.7 Throwing
 + Level 2.7 Armour
 + Level 1.1 Dodging
 + Level 1.1 Stealth
 + Level 1.1 Shields
 + Level 1.1 Unarmed Combat
 + Level 1.1 Spellcasting
 + Level 0.8 Conjurations
 + Level 0.8 Hexes
 + Level 0.8 Summonings
 + Level 0.8 Necromancy
 + Level 0.8 Translocations
 + Level 0.8 Transmutations
 + Level 0.8 Fire Magic
 + Level 0.8 Ice Magic
 + Level 0.8 Air Magic
 + Level 0.8 Earth Magic
 + Level 0.8 Poison Magic
 + Level 1.2 Invocations
 + Level 2.7 Evocations


You had 5 spell levels left.
You didn't know any spells.
Your spell library was empty.

Dungeon Overview and Level Annotations

Branches:
Dungeon (3/15)

Altars:


Innate Abilities, Weirdness & Mutations

You have very sharp teeth.
Your uncanny sense of smell can sniff out nearby items.
Your experience applies equally to all skills.
Your magical capacity is low. (-10% MP)
Your spells are a little easier to cast, but a little less powerful.


Message History

You hit the orc wizard.
The orc wizard is heavily wounded.
The orc wizard hits you but does no damage.
The orc hits you but does no damage.
You are electrocuted!!
The orc wizard hits you with a +0 dagger.
You hit the orc wizard.
The orc wizard is severely wounded.
The orc hits you with a +0 whip of electrocution.
The orc wizard hits you with a +0 dagger.
The orc hits you but does no damage.
You are electrocuted!
* * * LOW HITPOINT WARNING * * *
You hit the orc wizard.
The orc wizard is almost dead.
The orc wizard closely misses you. You block the orc's attack.
You hit the orc wizard but do no damage.
The orc wizard is almost dead.
The orc wizard points at you and mumbles some strange words.
You resist with some effort.
The orc hits you with a +0 whip of electrocution.
* * * LOW HITPOINT WARNING * * *
You completely miss the orc wizard.
The orc wizard is almost dead.
The orc wizard gestures at you while chanting.
You resist with some effort.
The orc hits you with a +0 whip of electrocution.
* * * LOW HITPOINT WARNING * * *
The orc wizard casts a spell.
The orc wizard flickers and vanishes!
Deactivating autopickup; reactivate with Ctrl-A.
Non-targeted evoke: tin of tremorstones (2/2)
Press: ? - help, Q - select action, (/) - cycle Dir - look around, f - activate Look: an orc, wielding a +0 whip of electrocution and wearing a +0 scale mail (65% to hit)
The tremorstone explodes into fragments!
The burst of rock shards engulfs something!
Reactivating autopickup.
You feel a bit more experienced.
The burst of rock shards engulfs the orc.
You kill the orc!
The burst of rock shards engulfs you!
You die...

#.# #..
#.......#.##†.
.. ...
##.....##.#...
....#
#.....##.....
#.#.#
#..<..####...
#.#.#
#.....#####..
#...#
#####........
#..# ########.
#.###))########
#......
#......@......#
#.#####
#############.#
##)## #.# #...#
#)# #.#.#
#>###...#
#......##
########


There were no monsters in sight!

Vanquished Creatures
  An orc wizard (D:3)
  2 adders
  A worm (D:2)
  3 dart slugs
  6 orcs (D:3)
  6 bats
  4 endoplasms
  3 goblins
  8 hobgoblins
  A quokka (D:1)
  4 ball pythons
  A frilled lizard (D:2)
  2 kobolds (D:1)
  3 rats
45 creatures vanquished.

Notes
Turn   | Place    | Note
-------+----------+-------------------------------------------
     0 | D:1      | Smaepdii the Gnoll Wanderer began the quest for the Orb.
     0 | D:1      | Smaepdii set off with the following items: a +0
                  | quarterstaff, a tin of tremorstones (2/2), a +0 short
                  | sword, a +0 robe
     0 | D:1      | Reached XP level 1. HP: 26/26 MP: 1/1
   208 | D:1      | Reached XP level 2. HP: 33/33 MP: 2/2
  1133 | D:1      | Gained mutation: Your magical capacity is low. (-10% MP)
                  | [potion of mutation]
  1133 | D:1      | Gained mutation: Your spells are a little easier to cast,
                  | but a little less powerful. [potion of mutation]
  1149 | D:1      | Reached XP level 3. HP: 6/38 MP: 3/3
  1512 | D:2      | Reached skill level 1 in Invocations
  1921 | D:2      | Reached skill level 1 in Long Blades
  1921 | D:2      | Reached skill level 1 in Axes
  1921 | D:2      | Reached skill level 1 in Maces & Flails
  1921 | D:2      | Reached skill level 1 in Polearms
  1921 | D:2      | Reached skill level 1 in Staves
  1921 | D:2      | Reached skill level 1 in Slings
  1921 | D:2      | Reached skill level 1 in Bows
  1921 | D:2      | Reached skill level 1 in Crossbows
  1921 | D:2      | Reached skill level 1 in Dodging
  1921 | D:2      | Reached skill level 1 in Stealth
  1921 | D:2      | Reached skill level 1 in Shields
  1921 | D:2      | Reached skill level 1 in Unarmed Combat
  1921 | D:2      | Reached skill level 1 in Spellcasting
  1921 | D:2      | Reached XP level 4. HP: 29/45 MP: 3/5
  2418 | D:3      | Killed themself with a badly aimed burst of rock shards

Illustrated notes

Levels and vault maps discovered:
D:1:      lightli_arrival_statue_moat, layout_basic
D:2:      layout_basic
D:3:      layout_loops_cross, uniq_purgy

Skill      XL: |  1  2  3 |
---------------+----------+-----
Invocations    | 1 |  1.2
Long Blades    | 1 |  1.1
Axes           | 1 |  1.1
Maces & Flails | 1 |  1.1
Polearms       | 1 |  1.1
Staves         | 1 |  1.1
Slings         | 1 |  1.1
Bows           | 1 |  1.1
Crossbows      | 1 |  1.1
Dodging        | 1 |  1.1
Stealth        | 1 |  1.1
Shields        | 1 |  1.1
Unarmed Combat | 1 |  1.1
Spellcasting   | 1 |  1.1
Fighting       | |  8.5
Short Blades   | |  6.6
Throwing       | |  2.7
Armour         | |  2.7
Conjurations   | |  0.8
Hexes          | |  0.8
Summonings     | |  0.8
Necromancy     | |  0.8
Translocations | |  0.8
Transmutations | |  0.8
Fire Magic     | |  0.8
Ice Magic      | |  0.8
Air Magic      | |  0.8
Earth Magic    | |  0.8
Poison Magic   | |  0.8
Evocations     | |  2.7

Action                   |  1- 3 |  4- 6 || total
-------------------------+-------+-------++-------
Melee: Quarterstaff      |   101 |    40 ||   141
       Bite              |     7 |     5 ||    12
  Use: Potion            |     2 |       ||     2
 Stab: Sleeping          |     3 |       ||     3
Armor: Robe              |    20 |     8 ||    28
       Plate armour      |    35 |       ||    35
Dodge: Dodged            |    51 |    19 ||    70
Block: Other             |       |     9 ||     9
